 Dungeon Crawl Stone Soup version 0.17.0-24-gcfadda4 (console) character file.

339 Kloppie the Ruffian (level 6, -3/56 HPs)
             Began as a Ghoul Skald on Nov 17, 2015.
             Slain by an orc warrior
             ... wielding a +0 morningstar
              (15 damage)
             ... on level 3 of the Dungeon.
             The game lasted 00:09:17 (3002 turns).

Kloppie the Ruffian (Ghoul Skald)                   Turns: 3002, Time: 00:09:17

Health: -3/56      AC:  7    Str: 16    XL:     6   Next: 55%
Magic:  7/7        EV:  9    Int:  8    God:
Gold:   72         SH:  0    Dex:  9    Spells: 1 memorised, 7 levels left

rFire  + . .     SeeInvis .       - Unarmed
rCold  + + .     Clarity  .     y - +1 scale mail of Generosity {rF+ rC+}
rNeg   + + +     SustAt   .     (no shield)
rPois  ∞         Gourm    .     (no helmet)
rElec  .         Spirit   .     (no cloak)
rCorr  .         Warding  .     (no gloves)
rMut   .         Stasis   .     (no boots)
MR     .....                    (no amulet)
Stlth  ..........               (no ring)
                                (no ring)

@: rotting, not resistant to hostile enchantments, extremely unstealthy
A: rotting body, claws 1, carnivore 3, cold resistance 1, negative energy
resistance 3, slow regeneration 1, torment resistance, unbreathing
a: no special abilities


You were on level 3 of the Dungeon.
You were not hungry.

You visited 1 branch of the dungeon, and saw 4 of its levels.

You collected 270 gold pieces.
You spent 198 gold pieces at shops.

Inventory:

Armour
 a - a +0 leather armour
 k - a +0 ring mail
 y - the +1 scale mail of Generosity (worn) {rF+ rC+}
   (You bought it in a shop on level 4 of the Dungeon)

   It protects you from fire.
   It protects you from cold.
Jewellery
 l - a +3 ring of evasion {unknown}
Wands
 i - a wand of fireball (5)
Scrolls
 e - 6 scrolls of identify
 g - 5 scrolls of magic mapping {unknown}
 j - a scroll of enchant armour {unknown}
 o - a scroll of teleportation {unknown}
 p - a scroll of noise {unknown}
 r - a scroll of random uselessness {unknown}
 s - 3 scrolls of amnesia {unknown}
 x - a scroll of remove curse {unknown}
Potions
 d - a potion of haste {unknown}
 h - a potion of degeneration {unknown}
 n - a potion of ambrosia {unknown}
 t - a potion of magic {unknown}
 u - 2 potions of invisibility {unknown}
 w - a potion of brilliance {unknown}
 z - a potion of cancellation {unknown}
Books
 b - a book of Battle

   Spells                             Type                      Level
   a - Infusion                       Charms                       1
   b - Shroud of Golubria             Charms/Translocation         2
   c - Song of Slaying                Charms                       2
   d - Spectral Weapon                Hexes/Charms                 3
   e - Regeneration                   Charms/Necromancy            3
Comestibles
 c - a meat ration
 f - a beef jerky
 q - 2 slices of pizza
 v - a chunk of flesh


   Skills:
 + Level 5.3 Fighting
 - Level 0.8 Armour
 - Level 0.8 Dodging
 + Level 5.5 Unarmed Combat
 - Level 1.7 Spellcasting
 - Level 2.6 Charms


You had 7 spell levels left.
You knew the following spells:

 Your Spells              Type           Power        Failure   Level  Hunger
a - Infusion              Chrm           #.....       50%         1    ##.....


Dungeon Overview and Level Annotations

Branches:
Dungeon (4/15)
 Temple: D:4-7

Altars:

Shops:
D:4 [

Annotations:
D:2 1 exclusion, Sigmund


Innate Abilities, Weirdness & Mutations

Your body is rotting away.
You thrive on raw meat.
You are immune to poison.
You have sharp fingernails.
You are carnivorous and can eat meat at any time.
Your flesh is cold resistant.
You are immune to negative energy.
You regenerate slowly when monsters are visible.
You are immune to unholy pain and torment.
You can survive without breathing.


Message History

You barely miss the orc warrior.
The orc warrior hits you with a morningstar!
* * * LOW HITPOINT WARNING * * *
You are too injured to fight recklessly!
The orc warrior hits you with a morningstar!
* * * LOW HITPOINT WARNING * * *
You climb upwards.
There is a stone staircase leading down here.
You scratch the orc warrior but do no damage.
You scratch the orc warrior but do no damage.
The orc warrior hits you with a morningstar!
* * * LOW HITPOINT WARNING * * *
Drink which item? (? for menu, Esc to quit)
You feel better.
The orc warrior hits you with a morningstar!
* * * LOW HITPOINT WARNING * * *
Drink which item? (? for menu, Esc to quit)
You feel better.
The orc warrior hits you with a morningstar!
You die...

####### #...... #.##### #.#
############.#####
###########................#
####..........@...............#
#.............o##########.##..#
#.##.########### #.##..# #.##.#
#..)... ###.##.# ###...#
...#)..######## #.....
#.###.........# #..... .##
##.######.# #..... ## ##.# #.#
##...#


You could see an orc warrior.

Vanquished Creatures
  A giant frog (D:4)
  A giant frog skeleton (D:4)
  An orc priest (D:4)
  2 centaur skeletons (D:4)
  Terence (D:3)
  A worker ant (D:4)
  3 adders
  4 oozes
  2 adder skeletons (D:4)
  A worm (D:2)
  A giant gecko (D:1)
  An orc (D:3)
  6 goblins
  6 hobgoblins
  3 ball pythons
  11 bats
  5 giant cockroaches
  6 giant newts
  4 kobolds
  2 quokkas
  10 rats
72 creatures vanquished.

Vanquished Creatures (others)
  An iguana (D:4)
1 creature vanquished.

Grand Total: 73 creatures vanquished

Notes
Turn   | Place    | Note
--------------------------------------------------------------
     0 | D:1      | Kloppie the Ghoul Skald began the quest for the Orb.
     0 | D:1      | Reached XP level 1. HP: 17/17 MP: 2/2
   113 | D:1      | Reached XP level 2. HP: 19/25 MP: 3/3
   243 | D:1      | Reached skill level 3 in Unarmed Combat
   372 | D:1      | Reached XP level 3. HP: 26/30 MP: 4/4
  1069 | D:2      | Noticed Sigmund
  1535 | D:2      | Reached XP level 4. HP: 37/37 MP: 5/5
  1834 | D:3      | Noticed Terence
  1883 | D:3      | Killed Terence
  1883 | D:3      | Reached skill level 4 in Fighting
  2217 | D:3      | Reached XP level 5. HP: 43/46 MP: 6/6
  2685 | D:4      | Noticed an orc warrior
  2760 | D:3      | Noticed a phantom
  2808 | D:4      | Found Dex Eschy's Antique Armour Shoppe.
  2848 | D:4      | Reached skill level 5 in Fighting
  2848 | D:4      | Reached skill level 5 in Unarmed Combat
  2848 | D:4      | Reached XP level 6. HP: 25/56 MP: 7/7
  2861 | D:4      | HP: 2/56 [worker ant (7)]
  2911 | D:4      | Bought a polished scale mail for 198 gold pieces
  2911 | D:4      | Identified the +1 scale mail of Generosity {rF+ rC+} (You bought it in a shop on level 4 of the Dungeon)
  3002 | D:3      | Slain by an orc warrior

Action                   |  1- 3 |  4- 6 || total
-------------------------+-------+-------++-------
Melee: Unarmed           |   138 |   181 ||   319
  Use: Potion            |       |     6 ||     6
       Scroll            |       |     1 ||     1
 Stab: Distracted        |       |     1 ||     1
  Eat: Chunk             |     6 |    24 ||    30
